 Dungeon Crawl Stone Soup version 0.27-a0-1591-gc56fcc985a (webtiles) character file.

Game seed: 1722194397644415106

21 PentaManta the Skirmisher (level 2, 27/27 HPs)
             Began as a Minotaur Abyssal Knight on July 18, 2021.
             Was a Follower of Lugonu.
             Got out of the dungeon alive.
             The game lasted 00:01:46 (1057 turns).

PentaManta the Skirmisher (Minotaur Abyssal Knight) Turns: 1057, Time: 00:01:47

Health: 27/27      AC:  0    Str: 16    XL:     2   Next: 62%
Magic:  2/2        EV: 12    Int:  9    God:    Lugonu [*.....]
Gold:   50         SH:  0    Dex:  9    Spells: 1/1 levels left

rFire    . . .     SeeInvis .   (no weapon)
rCold    . . .     Faith    .   (no shield)
rNeg     . . .     Spirit   .   (no armour)
rPois    .         Reflect  .   (helmet restricted)
rElec    .         Harm     .   (no cloak)
rCorr    .         Rampage  .   (no gloves)
Will     .....                  (no boots)
Stlth    +.........             (no amulet)
HPRegen  0.09/turn              (no ring)
MPRegen  0.08/turn              (no ring)

@: no status effects
A: horns 2, retaliatory headbutt
a: Renounce Religion, Depart the Abyss


You escaped.
You worshipped Lugonu.
Lugonu was aware of your devotion.
You visited 1 branch of the dungeon, and saw 1 of its levels.
You visited the Abyss 1 time.

You collected 50 gold pieces.

Inventory:

Missiles
 e - 15 poisoned darts
Jewellery
 c - a ring of fire
 d - an amulet of faith
Scrolls
 f - a scroll of amnesia {unknown}


   Skills:
 + Level 4.0 Fighting
 - Level 2.4 Axes
 + Level 3.0 Armour
 + Level 1.9 Dodging
 - Level 1.7 Invocations


You had one spell level left.
You didn't know any spells.
Your spell library was empty.

Dungeon Overview and Level Annotations

Branches:
Dungeon (1/15)

Altars:

Shops:
D:1 =


Innate Abilities, Weirdness & Mutations

You have a pair of horns on your head.
You reflexively headbutt those who attack you in melee.


Message History

There are monsters nearby!
The frilled lizard bites you but does no damage.
The frilled lizard bites you but does no damage.
The goblin hits you but does no damage. The frilled lizard barely misses you.
The goblin misses you. The frilled lizard barely misses you.
The goblin hits you with a +0 dagger. The frilled lizard closely misses you.
The goblin hits you with a +0 dagger. The frilled lizard bites you.
The goblin hits you with a +0 dagger. The frilled lizard closely misses you.
You furiously retaliate!
You headbutt the frilled lizard!
You kill the frilled lizard!
Lugonu accepts your kill. The goblin misses you. The goblin closely misses you.
The goblin hits you but does no damage. The goblin closely misses you.
The goblin misses you. The goblin closely misses you.
The goblin hits you but does no damage. The goblin hits you but does no damage.
The goblin closely misses you. You furiously retaliate!
You headbutt the goblin. The goblin barely misses you. You furiously retaliate!
You headbutt the goblin!
You kill the goblin!
Lugonu accepts your kill.
You see here a +0 dagger.
Drop what? 6/52 slots (_ for help) (? for menu, Esc to quit)
You are now empty-handed.
You drop a +1 hand axe.
You start removing your armour.
You continue taking off your +0 leather armour. x4
You finish taking off your +0 leather armour.
You drop a +0 leather armour.
Things that are here:
a +0 leather armour; a +1 hand axe You see here a +0 dagger.
You see here a frilled lizard corpse.
HP restored.
There is a staircase leading out of the dungeon here.
Are you sure you want to leave the Dungeon?
This will make you lose the game!
You have escaped!

..........# ##.##
#....#### ..........#
#..# #....# ##
..#######♣♣♣ ##.##
#....# #.
.#....♣♣♣♣8♣♣♣♣ #..#
#....# #.
.#.##♣♣.......♣♣##.#
###### #.
.#.#♣♣.♣♣♣♣♣♣♣.♣♣#.#
#.
.#.♣♣.♣♣....8♣.8♣♣.#
##
...♣.♣♣.♣♣♣.♣♣.♣♣♣.##
###♣.♣..♣8♣.♣.♣♣@♣..#
♣♣.♣.♣....♣.♣..♣..#
♣8.♣.♣.♣8♣..♣.♣♣..#
♣♣.♣.♣.♣♣♣.♣♣.♣...#
♣.♣.♣♣...♣♣.♣♣..###
♣.♣♣.♣♣♣♣♣.♣♣.♣...#
♣♣.♣♣.....♣♣.♣♣.#.#
♣♣.♣♣♣♣♣♣♣.♣♣..#.#
######
♣♣.......♣♣..##.###
#.....


There were no monsters in sight!

Vanquished Creatures
  2 endoplasms (D:1)
  A goblin (D:1)
  2 hobgoblins (D:1)
  2 jackals (D:1)
  A quokka (D:1)
  3 ball pythons (D:1)
  3 bats (D:1)
  A frilled lizard (D:1)
  3 kobolds (D:1)
  A rat (D:1)
19 creatures vanquished.

Notes
Turn   | Place    | Note
-------+----------+-------------------------------------------
     0 | Abyss:1  | PentaManta the Minotaur Abyssal Knight began the quest for
                  | the Orb.
     0 | Abyss:1  | Reached XP level 1. HP: 19/19 MP: 1/1
    35 | Abyss:1  | Noticed a mana viper
    39 | D:1      | Escaped the Abyss
   222 | D:1      | Found a faded altar of an unknown god.
   371 | D:1      | Reached XP level 2. HP: 27/27 MP: 2/2
   448 | D:1      | Reached * piety under Lugonu
   587 | D:1      | Reached skill level 4 in Fighting
   871 | D:1      | Found Qesujep's Jewellery Emporium.
   883 | D:1      | Upgraded the game from 0.27-a0-1586-gd5c625afe7 to
                  | 0.27-a0-1591-gc56fcc985a
  1057 | D:$      | Got out of the dungeon alive.

Illustrated notes

Levels and vault maps discovered:
D:1:      nagdon_arrival_double_spiral, layout_basic,
          dreamdust_ecumenical_altar_grove, serial_shops, shop

Skill      XL: |  1  2 |
---------------+-------+-----
Fighting       | 4 |  4.0
Armour         | 3 |  3.0
Axes           | |  2.4
Dodging        | |  1.9
Invocations    | |  1.7

Action                   || total
-------------------------++-------
Melee: Hand axe          ||    26
       Headbutt          ||     5
Invok: Depart the Abyss  ||     1
Armor: Leather armour    ||    16
Dodge: Dodged            ||    32

Table legend: (Time is in decaauts)
 A = Elapsed time spent in this place.
 B = Non-inter-level travel time spent in this place.
 C = Inter-level travel time spent in this place.
 D = Time resting spent in this place.
 E = Time spent auto-exploring this place.
 F = Levels seen in this place.
 G = Mean time per level.
                   A        B        C        D        E       F      G
               +--------+--------+--------+--------+--------+-----+--------+
         Total |   1061 |    934 |    127 |      0 |    796 |   2 |  530.5 |
       Dungeon |   1022 |    895 |    127 |      0 |    760 |   1 | 1022.0 |
         Abyss |     39 |     39 |      0 |      0 |     36 |   1 |   39.0 |
               +--------+--------+--------+--------+--------+-----+--------+

Top non-repeatable levels by time:
     D:1: 1022 daAuts
 Abyss:1: 39 daAuts
